 Dungeon Crawl Stone Soup version 0.32-a0-842-gbbb8fdbe59 (webtiles) character file.

Game seed: 1014940278397310979

6699 AeshMezareph the Fighter (level 10, -11/93 HPs)
             Began as a Minotaur Fighter on Mar 27, 2024.
             Was an Elder of Okawaru.
             Killed from afar by an acid dragon (18 damage)
             ... with a splash of acid
             ... on level 9 of the Dungeon.
             The game lasted 00:24:23 (8670 turns).

AeshMezareph the Fighter (Minotaur Fighter)         Turns: 8670, Time: 00:24:23

Health: -11/93     AC:  6    Str: 25    XL:     10   Next: 74%
Magic:  11/11      EV:  7    Int:  5    God:    Okawaru [****..]
Gold:   508        SH:  6    Dex: 10    Spells: 9/9 levels left

rFire   . . .        b - +7 Throatcutter {drain, coup de grace}
rCold   + . .        c - +0 buckler
rNeg    . . .        e - +0 chain mail
rPois   .            (helmet restricted)
rElec   .            h - +2 cloak
rCorr   .            w - +2 pair of gloves
SInv    .            (no boots)
Will    .....        (no amulet) Stlth
                     i - ring of protection from cold
HPRegen 0.35/turn    E - ring of flight
MPRegen 0.12/turn

%: no passive effects
@: corroded, flying
A: horns 2, retaliatory headbutt, mutation resistance 1
a: Renounce Religion, Heroism, Finesse


You were on level 9 of the Dungeon.
You worshipped Okawaru.
Okawaru was greatly pleased with you.
You visited 2 branches of the dungeon, and saw 10 of its levels.

You collected 508 gold pieces.

Inventory:

Hand Weapons
 a - a +0 war axe
 b - the +7 Throatcutter (weapon) {drain, coup de grace}
   (You found it on level 6 of the Dungeon)
 q - the +3 falchion of the Badger {flame, rElec rF+ Will+}
   (You found it on level 4 of the Dungeon)

   rF+:       It protects you from fire.
   rElec:     It insulates you from electricity.
   Will+:     It increases your willpower.
 r - a +0 morningstar
 z - the +8 short sword "Jefujeg" {protect, *Rage +Blink Str+6 Dex-5}
   (You found it on level 4 of the Dungeon)

   Str+6:     It affects your strength (+6).
   Dex-5:     It affects your dexterity (-5).
   +Blink:    It lets you blink.
   *Rage:     It berserks you when you make melee attacks (+20% chance).
 F - a +3 war axe
Missiles
 y - 18 poisoned darts (quivered)
Armour
 c - a +0 buckler (worn)
 e - a +0 chain mail (worn)
 h - a +2 cloak (worn)
 w - a +2 pair of gloves (worn)
Jewellery
 i - a ring of protection from cold (left hand)
 t - a ring of magical power
 C - a ring of wizardry
 E - a ring of flight (right hand)
Wands
 x - a wand of paralysis (24)
 A - a wand of roots (22)
 B - a wand of flame (30)
Scrolls
 f - 2 scrolls of teleportation
 j - 2 scrolls of enchant armour
 k - 3 scrolls of amnesia
 l - a scroll of fog
 o - 3 scrolls of blinking {unknown}
 p - 2 scrolls of immolation {unknown}
 s - 2 scrolls of enchant weapon
 v - a scroll of noise
 D - a scroll of vulnerability
 H - a scroll of fear {unknown}
Potions
 d - 2 potions of might
 g - a potion of enlightenment
 m - 2 potions of magic
 n - a potion of attraction
 u - 2 potions of mutation
 G - a potion of brilliance


   Skills:
 * Level 10.1 Fighting
 * Level 9.7 Axes
 + Level 3.4 Throwing
 * Level 10.0 Armour
 * Level 10.1 Shields
 + Level 3.4 Invocations


You had 9 spell levels left.
You didn't know any spells.
Your spell library contained the following spells:

 Spells                   Type           Power      Damage    Failure   Level
 Lesser Beckoning         Tloc           0%         N/A       98%         2
 Mercury Vapours          Alch/Air       0%         N/A       98%         2
 Fugue of the Fallen      Necr           0%         N/A       100%        3
 Gell's Gravitas          Tloc           0%         N/A       100%        3
 Inner Flame              Hex/Fire       0%         N/A       100%        3
 Mephitic Cloud           Conj/Alch/Air  0%         N/A       100%        3
 Ozocubu's Armour         Ice            0%         N/A       100%        3
 Teleport Other           Tloc           0%         N/A       100%        3
 Flame Wave               Conj/Fire      0%         2d4       100%        4
 Manifold Assault         Tloc           0%         N/A       100%        4
 Sticky Flame             Fire/Alch      0%         2d4       100%        4
 Freezing Cloud           Conj/Ice/Air   0%         6-21      100%        5


Dungeon Overview and Level Annotations

Branches:
Dungeon (9/15)             Temple (1/1) D:4            Lair (0/5) D:8
    Orc: D:9-12

Altars:
Cheibriados
Dithmenos
Elyvilon
Fedhas
Gozag
Hepliaklqana
Kikubaaqudgha
Makhleb
Nemelex Xobeh
Okawaru
Sif Muna
Trog
Uskayaw
Vehumet
Wu Jian
Zin
The Shining One

Annotations:
D:8 2 runed translucent doors, Amaemon; Necromancer21's ghost, novice DjIE


Innate Abilities, Weirdness & Mutations

You have a pair of horns on your head.
You reflexively headbutt those who attack you in melee.
You are somewhat resistant to further mutation.


Message History

The ball of steam hits you!
You closely miss the steam dragon. Your headbutt misses the steam dragon.
The steam dragon is almost dead.
A two-headed ogre comes into view. It is wielding two +0 giant clubs.
The steam dragon closely misses you.
The steam dragon claws you but does no damage.
The steam dragon barely misses you. The steam dragon claws you.
Unknown command.
Unknown command.
Unknown command.
The acid dragon spits acid at you. The splash of acid misses you.
Unknown command.
Unknown command.
The acid dragon spits acid at you. The splash of acid hits you!
Unknown command.
Unknown command.
Unknown command.
Unknown command.
The acid dragon spits acid at you. The splash of acid hits you!!
* * * LOW HITPOINT WARNING * * *
There is a shaft here.
Unknown command.
Unknown command.
The acid dragon spits acid at you. The splash of acid hits you!
* * * LOW HITPOINT WARNING * * *
The acid corrodes you!
Unknown command.
Unknown command.
An acid dragon is nearby!
Unknown command.
The two-headed ogre falls through a shaft!
The shaft crumbles and collapses.
Unknown command.
The acid dragon spits acid at you. The splash of acid hits you!!
You die...

#...#.# #.#.#.. ####
......##....## . #.....#
#..# ..#....###
#.########### ..#......#
#...........#
......##.###...........#
#.#.#..................#
#...#.####......@......#
.......# ##............#
.....######..........###
.....................#
.###.#.#####........##
.......####.......<.##
.....##..°D..........#
.....DD.###..........#
#...#.#.# #..........#


You could see an acid dragon (catching breath).

Vanquished Creatures
  Pikel (D:4)
  Maurice (D:7)
  Grinder (D:4)
  Prince Ribbit (D:5)
  Sigmund (D:4)
  2 wyverns
  8 yaks (D:8)
  2 steam dragons
  2 acid dragons (D:8)
  3 orc warriors
  A sky beast (D:8)
  4 black bears
  2 ogres
  3 centaurs
  3 lemures (D:4)
  A phantom (D:6)
  7 kobold brigands (D:6)
  2 bullfrogs
  A gnoll sergeant (D:8)
  3 scorpions
  10 wights
  2 bombardier beetles
  A howler monkey (D:8)
  A hound (D:6)
  3 orc priests
  A jelly (D:6)
  A gnoll bouda (D:5)
  A sleepcap (D:5)
  Natasha (thrice) (D:3)
  3 iguanas
  5 orc wizards
  3 hell rats (D:8)
  15 gnolls
  7 adders
  A river rat (D:8)
  2 shadow imps
  5 ufetubi
  A ribbon worm (D:4)
  A dart slug (D:4)
  12 orcs
  7 bats
  6 endoplasms
  4 giant cockroaches
  8 goblins
  6 hobgoblins
  2 jackals (D:5)
  2 quokkas
  6 ball pythons
  3 frilled lizards
  7 kobolds
  7 rats
185 creatures vanquished.

Vanquished Creatures (others)
  An adder (D:6)
  An ufetubus (D:6)
2 creatures vanquished.

Grand Total: 187 creatures vanquished

Notes
Turn   | Place    | Note
-------+----------+-------------------------------------------
     0 | D:1      | AeshMezareph the Minotaur Fighter began the quest for the
                  | Orb.
     0 | D:1      | Reached XP level 1. HP: 19/19 MP: 0/0
   172 | D:1      | Reached XP level 2. HP: 27/27 MP: 1/1
   626 | D:1      | Reached XP level 3. HP: 33/33 MP: 2/2
  1757 | D:3      | Reached XP level 4. HP: 41/41 MP: 3/3
  1816 | D:3      | Noticed Natasha
  1837 | D:3      | Killed Natasha
  1996 | D:3      | Noticed Natasha
  2005 | D:3      | Killed Natasha
  2106 | D:3      | Noticed Natasha
  2110 | D:3      | Killed Natasha
  2111 | D:3      | Reached XP level 5. HP: 44/47 MP: 4/4
  2324 | D:4      | Identified the +3 falchion of the Badger {flame, rElec rF+
                  | Will+}
  2348 | D:4      | Noticed Sigmund
  2382 | D:4      | Killed Sigmund
  2383 | D:4      | Reached skill level 5 in Fighting
  2383 | D:4      | Reached skill level 5 in Armour
  2383 | D:4      | Reached skill level 5 in Shields
  2383 | D:4      | Reached XP level 6. HP: 8/56 MP: 5/5
  2387 | D:4      | HP: 2/56 [poisoned by Sigmund]
  2587 | D:4      | Noticed Grinder
  2591 | D:5      | Entered Level 5 of the Dungeon
  2698 | D:5      | Noticed Prince Ribbit
  2713 | D:5      | Killed Prince Ribbit
  2714 | D:5      | Reached skill level 5 in Axes
  2714 | D:5      | Reached XP level 7. HP: 32/62 MP: 6/6
  3251 | D:5      | Reached XP level 8. HP: 54/71 MP: 7/7
  3871 | D:4      | Killed Grinder
  4011 | D:4      | Noticed Pikel
  4056 | D:4      | Killed Pikel
  4345 | D:4      | Reached XP level 9. HP: 68/81 MP: 8/8
  4441 | D:4      | Found a staircase to the Ecumenical Temple.
  4447 | Temple   | Entered the Ecumenical Temple
  4460 | Temple   | Became a worshipper of Warmaster Okawaru
  4553 | D:4      | Identified the +8 short sword "Jefujeg" {protect, *Rage
                  | +Blink Str+6 Dex-5}
  4715 | D:6      | Reached skill level 1 in Throwing
  5052 | D:6      | Reached skill level 1 in Invocations
  5214 | D:6      | Found the +7 Throatcutter {drain, coup de grace}
  5232 | D:6      | Gained mutation: You are somewhat resistant to further
                  | mutation. [potion of mutation]
  5238 | D:6      | Reached * piety under Okawaru
  5950 | D:6      | Found a glowing silver altar of Zin.
  5950 | D:6      | Found a white marble altar of Elyvilon.
  5950 | D:6      | Found a glowing golden altar of the Shining One.
  5972 | D:7      | Found a shimmering blue altar of Sif Muna.
  6393 | D:7      | Reached ** piety under Okawaru
  7058 | D:8      | Found an ornate altar of the Wu Jian Council.
  7272 | D:8      | Reached XP level 10. HP: 49/88 MP: 10/10
  7491 | D:8      | Found a large runed translucent door.
  7491 | D:8      | Found a large runed translucent door.
  7496 | D:8      | Noticed Necromancer21's ghost (novice DjIE)
  7895 | D:8      | Noticed Maurice
  7903 | D:8      | Reached *** piety under Okawaru
  7905 | D:8      | Something stole the +3 falchion of the Badger {flame, rElec
                  | rF+ Will+}
  7911 | D:8      | Paralysed by something for 3 turns
  7926 | D:7      | Paralysed by something for 2 turns
  8169 | D:8      | Found a staircase to the Lair.
  8209 | D:8      | Reached **** piety under Okawaru
  8212 | D:8      | Reached skill level 10 in Fighting
  8491 | D:8      | Noticed Amaemon
  8491 | D:8      | Noticed an orange demon
  8525 | D:7      | Killed Maurice
  8526 | D:7      | Reached skill level 10 in Armour
  8526 | D:7      | Reached skill level 10 in Shields
  8654 | D:9      | Noticed a two-headed ogre
  8670 | D:9      | Killed from afar by an acid dragon

Illustrated notes

Levels and vault maps discovered:
D:1:      moated_graveyard_arrival, layout_basic, amethyst_killhole,
          dreamdust_princess_corridor, roderic_lattice_a
D:2:      layout_loops_cross
D:3:      layout_loops_corners, uniq_natasha
D:4:      minmay_bubble_buster, layout_rooms, minmay_temple_entry_glassed_door,
          uniq_sigmund, uniq_grinder, uniq_pikel
D:5:      layout_loops_corners, uniq_prince_ribbit1
D:6:      layout_cave_pods, good_gods_mini_temple,
          dilly_guarded_unrand_throatcut
D:7:      layout_basic, mainiacjoe_overflow_catwalk,
          nicolae_kite_square_tiling_tiny
D:8:      kennysheep_ambush_hall, layout_basic, nicolae_wu_jian_wuxing_cycle,
          nicolae_overflow_hallway_of_the_gods, dpeg_lair_monsters,
          ebering_ghost_disaster_area, minivault_1, uniq_maurice, uniq_jeremiah,
          uniq_amaemon
D:9:      nicolae_cairo_tiling_large_dashed, layout_rooms,
          einodemon_armed_red_devil_minivault
Temple:   nicolae_temple_ecumenical_triangle

Skill      XL: |  1  2  3  4  5  6  7  8  9 10 |
---------------+-------------------------------+-----
Fighting       | 4 5 6 7 9 10 | 10.1
Shields        | 4 5 6 7 9 10 | 10.1
Armour         | 4 5 6 7 9 10 | 10.0
Axes           | 3 4 5 6 7 8 9 |  9.7
Throwing       | 2 3 |  3.4
Invocations    | 2 3 |  3.4

Action                     |  1- 3 |  4- 6 |  7- 9 | 10-12 || total
---------------------------+-------+-------+-------+-------++-------
  Melee: War axe           |    79 |    66 |   222 |       ||   367
         Headbutt          |    11 |     8 |    47 |    24 ||    90
         Long sword        |       |       |    64 |   117 ||   181
    Use: Scroll            |     6 |     2 |       |     5 ||    13
         Potion            |       |     1 |     5 |       ||     6
   Stab: Invisible         |       |       |     2 |       ||     2
 Armour: Scale mail        |    55 |    20 |       |       ||    75
         Chain mail        |       |    36 |   258 |   126 ||   420
  Dodge: Dodged            |    38 |    28 |   105 |    33 ||   204
  Block: Buckler           |    22 |    20 |    80 |    36 ||   158

Table legend: (Time is in decaauts)
 A = Elapsed time spent in this place.
 B = Non-inter-level travel time spent in this place.
 C = Inter-level travel time spent in this place.
 D = Time resting spent in this place.
 E = Time spent auto-exploring this place.
 F = Levels seen in this place.
 G = Mean time per level.
                   A        B        C        D        E       F      G
               +--------+--------+--------+--------+--------+-----+--------+
         Total |   8845 |   8403 |    442 |   1958 |   4343 |  10 |  884.5 |
       Dungeon |   8826 |   8387 |    439 |   1958 |   4343 |   9 |  980.7 |
        Temple |     18 |     15 |      3 |      0 |      0 |   1 |   18.0 |
               +--------+--------+--------+--------+--------+-----+--------+

Top non-repeatable levels by time:
     D:8: 1505 daAuts
     D:6: 1378 daAuts
     D:5: 1273 daAuts
     D:7: 1185 daAuts
     D:4: 1048 daAuts
     D:1: 925 daAuts
     D:3: 888 daAuts
     D:2: 535 daAuts
     D:9: 85 daAuts
  Temple: 18 daAuts
